 Dungeon Crawl Stone Soup version 0.28-a0-381-g937acc2988 (webtiles) character file.

Game seed: 17205328004497018940

4 capybara the Vexing (level 1, -1/7 HPs)
             Began as a Felid Enchanter on Sept 1, 2021.
             Slain by a hobgoblin (4 damage)
             ... on level 2 of the Dungeon.
             The game lasted 00:04:23 (875 turns).

capybara the Vexing (Felid Enchanter)                Turns: 875, Time: 00:04:24

Health: -1/7       AC:  1    Str:  4    XL:     1   Next: 58%
Magic:  4/4        EV: 17    Int: 16    God:
Gold:   9          SH:  0    Dex: 16    Spells: 4/4 levels left
                                        Lives:  0   Deaths: 0

rFire   . . .      SeeInvis +     - Unarmed
rCold   . . .      Faith    .   (shield unavailable)
rNeg    . . .      Spirit   .   (armour unavailable)
rPois   .          Reflect  .   (helmet unavailable)
rElec   .          Harm     .   (cloak unavailable)
rCorr   .          Rampage  .   (gloves unavailable)
Will    .....                   (boots unavailable)
Stlth   +++.......              (no amulet)
HPRegen 0.02/turn               (no ring)
MPRegen 0.09/turn               (no ring)

@: quick
A: very small, claws 1, fangs 3, see invisible, speed 1, shaggy fur 1, stealthy
paws, no weapons or thrown items, no armour, multi-lived
a: no special abilities


You were on level 2 of the Dungeon.
You visited 1 branch of the dungeon, and saw 3 of its levels.

You collected 9 gold pieces.

Inventory:

Scrolls
 b - a scroll of identify {unknown}
Potions
 a - a potion of invisibility
 c - a potion of resistance {unknown}


   Skills:
 + Level 0.2 Fighting
 + Level 2.8 Dodging
 + Level 4.1 Stealth
 + Level 1.1 Unarmed Combat
 - Level 2.0 Spellcasting
 + Level 4.5 Hexes


You had 4 spell levels left.
You didn't know any spells.
Your spell library contained the following spells:

 Spells                   Type           Power      Damage    Failure   Level
 Confusing Touch          Hex            16%        N/A       10%         3
 Tukima's Dance           Hex            16%        N/A       10%         3
 Ensorcelled Hibernation  Hex/Ice        16%        N/A       12%         2
 Dazzling Flash           Conj/Hex       16%        N/A       24%         3


Dungeon Overview and Level Annotations

Branches:
Dungeon (3/15)

Altars:
Sif Muna


Innate Abilities, Weirdness & Mutations

You have sharp claws.
You have razor-sharp teeth.
You have supernaturally acute eyesight. (SInv)
You cover ground quickly. (Speed+)
You are covered in fur. (AC +1)
Your paws help you pounce on unaware monsters.
You are incapable of wielding weapons or throwing items.
You cannot wear armour.
You gain extra lives every three experience levels.


Message History

You close the door.
A hobgoblin opens the door.
You close the door.
A hobgoblin opens the door.
You close the door.
A hobgoblin opens the door.
You close the door.
A hobgoblin opens the door.
You close the door.
A hobgoblin opens the door.
You close the door.
A hobgoblin opens the door.
You close the door.
A hobgoblin opens the door.
You close the door.
A hobgoblin opens the door.
You close the door.
A hobgoblin opens the door.
You close the door.
A hobgoblin opens the door.
You close the door.
A hobgoblin opens the door.
You close the door.
A hobgoblin opens the door.
You close the door.
A hobgoblin opens the door.
You close the door.
A hobgoblin opens the door.
You close the door.
A hobgoblin opens the door.
There's a creature in the doorway!
There's a creature in the doorway!
There's a creature in the doorway!
There's a creature in the doorway!
There's a creature in the doorway!
There's a creature in the doorway!
There's a creature in the doorway!
There's a creature in the doorway!
There's a creature in the doorway!
There's a creature in the doorway!
There's a creature in the doorway!
There's a creature in the doorway!
There's a creature in the doorway!
You closely miss the hobgoblin.
You scratch the hobgoblin but do no damage.
The hobgoblin misses you.
You barely miss the hobgoblin. The hobgoblin misses you.
You scratch the hobgoblin but do no damage.
You bite the hobgoblin, but do no damage.
The hobgoblin hits you.
You scratch the hobgoblin.
The hobgoblin is almost dead.
The hobgoblin hits you.
Ouch! That really hurt!
You die...

#########
#.#.......#
#.#.#####.# #.#.#
#.....#
#.#g###########
#..@...# #......#
#......#
##########
#......#
#........#
#......#
#........#
#......#
#........#
##.....#
#........# ##'####
#........#######.#


You could see a hobgoblin.

Vanquished Creatures
  2 giant cockroaches (D:1)
  A hobgoblin (D:1)
  A bat (D:1)
4 creatures vanquished.

Notes
Turn   | Place    | Note
-------+----------+-------------------------------------------
     0 | D:1      | capybara the Felid Enchanter began the quest for the Orb.
     0 | D:1      | Reached XP level 1. HP: 7/7 MP: 4/4
   730 | D:1      | You fall into a shaft and drop 1 floor!
   746 | D:3      | Found a shimmering blue altar of Sif Muna.
   875 | D:2      | Slain by a hobgoblin

Illustrated notes

Levels and vault maps discovered:
D:1:      evilmike_arrival_crescent, layout_loops_ring,
          hellmonk_ecumenical_altar_run_dry
D:2:      layout_basic
D:3:      layout_loops_ring, mainiacjoe_overflow_chevrons, serial_shops,
          nicolae_square_shop, cheibrodos_gnoll_hut

Action                   || total
-------------------------++-------
Melee: Unarmed           ||    31
       Bite              ||     1
 Stab: Sleeping          ||     2
Armor: Skin              ||     6
Dodge: Dodged            ||    35

Table legend: (Time is in decaauts)
 A = Elapsed time spent in this place.
 B = Non-inter-level travel time spent in this place.
 C = Inter-level travel time spent in this place.
 D = Time resting spent in this place.
 E = Time spent auto-exploring this place.
 F = Levels seen in this place.
 G = Mean time per level.
                   A        B        C        D        E       F      G
               +--------+--------+--------+--------+--------+-----+--------+
         Total |    822 |    822 |      0 |    409 |      0 |   3 |  274.0 |
       Dungeon |    822 |    822 |      0 |    409 |      0 |   3 |  274.0 |
               +--------+--------+--------+--------+--------+-----+--------+

Top non-repeatable levels by time:
     D:1: 689 daAuts
     D:2: 131 daAuts
     D:3: 1 daAuts
